 Dungeon Crawl Stone Soup version 0.30-a0-782-ge64f9170bb (webtiles) character file.

Game seed: 8130081468302846515

3857 mopl the Covert (level 10, -1/59 (60) HPs)
             Began as an Octopode Brigand on Mar 6, 2023.
             Was a Priest of Dithmenos.
             Slain by a centaur (3 damage)
             ... on level 8 of the Dungeon.
             The game lasted 00:12:54 (7654 turns).

mopl the Covert (Octopode Brigand)                  Turns: 7654, Time: 00:12:54

HP:   -1/59 (60)    AC:  1    Str: 14    XL:     10   Next: 18%
MP:   14/14         EV: 17    Int: 18    God:    Dithmenos [***...]
Gold: 521           SH:  0    Dex: 13    Spells: 6/9 levels left

rFire   + + .      SeeInvis .    a - +2 dagger
rCold   + . .      Faith    .    (no shield)
rNeg    . . .      Spirit   .    (helmet restricted)
rPois   .          Reflect  .    (no amulet)
rElec   .          Harm     .    i - +5 ring of evasion
rCorr   .          Rampage  .    l - ring of protection from fire
Will    .....                    E - ring "Giad Nuu" {Wiz rF+ Str+3}
Stlth   ++++++++                 M - ring of protection from cold
HPRegen 0.29/turn                (no ring)
MPRegen 0.14/turn                (no ring)
                                 (no ring)
                                 (no ring)

@: wreathed by umbra, studying Throwing, lightly drained
A: almost no armour, amphibious, 8 rings, camouflage 1, gelatinous body 1,
(nimble swimmer 1), tentacles
a: Renounce Religion, Shadow Step


You were on level 8 of the Dungeon.
You worshipped Dithmenos.
Dithmenos was most pleased with you.
You visited 1 branch of the dungeon, and saw 8 of its levels.
You also visited: Sewer.

You collected 521 gold pieces.

Inventory:

Hand Weapons
 a - a +2 dagger (weapon)
 I - a +0 vampiric short sword
Missiles
 b - 21 poisoned darts (quivered)
 c - 5 curare-tipped darts
 B - 6 boomerangs
 D - 3 javelins
 K - 2 throwing nets
Magical Staves
 C - a staff of poison
Jewellery
 i - a +5 ring of evasion (left tentacle)
 l - a ring of protection from fire (right tentacle)
 r - a ring of fire
 E - the ring "Giad Nuu" (on tentacle) {Wiz rF+ Str+3}
   (You found it on level 4 of the Dungeon)

   [ring of wizardry]

   It improves your spell success rate.
   Str:       It affects your strength (+3).
   rF:        It protects you from fire.
 M - a ring of protection from cold (on tentacle)
Wands
 f - a wand of flame (1)
 L - a wand of roots (13)
Scrolls
 h - a scroll of immolation {unknown}
 k - 5 scrolls of vulnerability {unknown}
 m - a scroll of teleportation {unknown}
 p - a scroll of acquirement {unknown}
 t - 3 scrolls of brand weapon {unknown}
 u - a scroll of enchant armour {unknown}
 x - 5 scrolls of fear {unknown}
 y - 2 scrolls of fog {unknown}
 A - a scroll of blinking {unknown}
 F - 2 scrolls of enchant weapon {unknown}
 G - a scroll of poison {unknown}
 J - a scroll of torment {unknown}
 O - a scroll of noise {unknown}
Potions
 d - 6 potions of curing
 e - 5 potions of might
 g - 2 potions of cancellation
 j - 3 potions of lignification {!q}
 n - a potion of ambrosia
 o - a potion of magic
 q - a potion of heal wounds
 s - 3 potions of mutation {!q}
 v - 2 potions of resistance {unknown}
 w - a potion of invisibility {unknown}
 z - a potion of flight {unknown}
 H - 3 potions of attraction {unknown}
 N - a potion of degeneration {unknown}
 P - a potion of haste {unknown}


   Skills:
 - Level 2.0 Fighting
 + Level 7.2 Short Blades
 + Level 8.0 Throwing
 - Level 1.0 Dodging
 + Level 11.2 Stealth
 + Level 2.4 Poison Magic
 + Level 6.1 Invocations
 + Level 5.2 Evocations


You had 6 spell levels left.
You knew the following spells:

 Your Spells              Type           Power      Damage    Failure   Level
c - Mephitic Cloud        Conj/Pois/Air  2%         N/A       19%         3

Your spell library contained the following spells:

 Spells                   Type           Power      Damage    Failure   Level
 Freeze                   Ice            0%         1d3       9%          1
 Summon Small Mammal      Summ           0%         N/A       9%          1
 Poisonous Vapours        Pois/Air       8%         N/A       9%          2
 Cigotuvi's Dreadful Rot  Necr/Pois/Air  4%         N/A       10%         2
 Call Canine Familiar     Summ           0%         N/A       26%         3
 Frozen Ramparts          Ice            0%         1d1       26%         3
 Hailstorm                Conj/Ice       0%         3d3       26%         3
 Summon Guardian Golem    Hex/Summ       0%         N/A       26%         3


Dungeon Overview and Level Annotations

Branches:
Dungeon (8/15)             Temple (0/1) D:6           Sewer (visited)
   Lair: D:8-11

Altars:
Ashenzari
Cheibriados
Dithmenos
Elyvilon
Kikubaaqudgha
Ru
Wu Jian

Shops:
D:7 *

Annotations:
D:3 2 runed translucent doors, Notanamesir's ghost, amateur HuBr
D:7 2 transporters, Barsley's ghost, novice MeRe


Innate Abilities, Weirdness & Mutations

You cannot wear most types of armour.
You are amphibious.
You can wear up to eight rings at the same time.
Your skin changes colour to match your surroundings (Stealth+).
Your rubbery body absorbs attacks. (AC +1, EV +1)
((You are camouflaged when in or above water. (Stealth+)))
You have tentacles for arms and can constrict up to eight enemies at once.


Message History

* * * LOW HITPOINT WARNING * * *
The centaur closely misses you.
You hit the centaur.
The centaur is lightly wounded.
The centaur completely misses you. The centaur kicks you.
* * * LOW HITPOINT WARNING * * *
You hit the centaur but do no damage.
The centaur is lightly wounded.
The centaur unwields a +0 shortbow.
The centaur barely misses you.
The centaur misses you. x2; The centaur kicks you.
* * * LOW HITPOINT WARNING * * *
You hit the centaur.
The centaur is heavily wounded.
The centaur completely misses you. The centaur misses you.
The centaur hits you.
* * * LOW HITPOINT WARNING * * *
The centaur kicks you.
* * * LOW HITPOINT WARNING * * *
You barely miss the centaur.
You squeeze the centaur, but do no damage.
The centaur is heavily wounded.
The centaur closely misses you. The centaur barely misses you.
The centaur closely misses you. x2
You hit the centaur.
You squeeze the centaur, but do no damage.
The centaur is severely wounded.
The centaur closely misses you. The centaur misses you. The centaur hits you.
* * * LOW HITPOINT WARNING * * *
The centaur closely misses you.
You hit the centaur but do no damage.
You squeeze the centaur, but do no damage.
The centaur is severely wounded.
The centaur barely misses you. The centaur completely misses you. x2
The centaur barely misses you.
You hit the centaur but do no damage.
The centaur is severely wounded.
The centaur hits you.
* * * LOW HITPOINT WARNING * * *
The centaur kicks you.
You die...

!. ... ....#..
.#.. .......#.
.. ......... .#
#.....#.. .## .
#....#.##..#
...
#......c.##....
#....@.......
#..#<.c.......
##).....##.
........#
#.....#...#
#...#######
####


You could see 2 centaurs.

Vanquished Creatures
  A manticore (D:6)
  Joseph (D:7)
  A steam dragon (D:6)
  A vampire mosquito (D:6)
  3 water moccasins (D:6)
  A sky beast (D:6)
  3 ogres
  2 black bears
  2 centaurs (D:7)
  3 kobold brigands
  5 bullfrogs
  A scorpion (D:4)
  A gnoll sergeant (D:7)
  A vampire bat (D:6)
  A howler monkey (D:6)
  4 orc priests
  8 hounds
  A gnoll bouda (D:6)
  3 jellies (D:6)
  6 iguanas
  2 orc wizards
  10 gnolls
  5 river rats
  19 adders
  4 shadow imps
  A white imp (D:6)
  2 ufetubi (D:6)
  A worm (D:2)
  A dart slug (D:1)
  6 orcs
  10 ball pythons
  2 bats
  4 bat skeletons (D:6)
  2 bat zombies (D:6)
  5 endoplasms
  6 giant cockroaches
  4 goblins
  2 hobgoblins
  4 quokkas
  3 frilled lizards
  18 kobolds
  34 rats
194 creatures vanquished.

Vanquished Creatures (others)
  A wight (D:8)
1 creature vanquished.

Grand Total: 195 creatures vanquished

Notes
Turn   | Place    | Note
-------+----------+-------------------------------------------
     0 | D:1      | mopl the Octopode Brigand began the quest for the Orb.
     0 | D:1      | Reached XP level 1. HP: 14/14 MP: 1/1
   107 | D:1      | Reached XP level 2. HP: 15/19 MP: 2/2
   658 | D:2      | Reached XP level 3. HP: 24/24 MP: 3/3
   973 | D:2      | You fall into a shaft and drop 1 floor!
  1029 | D:3      | Noticed a phantom
  1049 | D:3      | Found a large runed translucent door.
  1050 | D:3      | Found a large runed translucent door.
  1167 | D:3      | Found a glowing drain.
  1171 | D:3      | Reached skill level 6 in Stealth
  1195 | Sewer    | Entered a sewer
  1240 | Sewer    | Reached XP level 4. HP: 28/29 MP: 4/4
  1251 | Sewer    | Reached skill level 3 in Short Blades
  1252 | Sewer    | Reached skill level 3 in Throwing
  1535 | Sewer    | Reached XP level 5. HP: 29/34 MP: 5/5
  1791 | Sewer    | Reached skill level 7 in Stealth
  1791 | Sewer    | Reached XP level 6. HP: 23/39 MP: 6/6
  1799 | Sewer    | Reached skill level 4 in Short Blades
  1799 | Sewer    | Reached skill level 4 in Throwing
  2380 | D:2      | Found a faded altar of an unknown god.
  2387 | D:2      | Prayed at the altar of an unknown god.
  2387 | D:2      | Became a worshipper of Dithmenos the Shadowed
  2387 | D:2      | Reached * piety under Dithmenos
  2411 | D:3      | Found a white marble altar of Elyvilon.
  2412 | D:3      | Found a broken altar of Ashenzari.
  2938 | D:3      | Noticed Notanamesir's ghost (amateur HuBr)
  2967 | D:4      | Found a transporter.
  2989 | D:4      | Found a transporter.
  3126 | D:4      | Found an ornate altar of the Wu Jian Council.
  3261 | D:4      | Reached skill level 1 in Invocations
  3261 | D:4      | Reached XP level 7. HP: 25/45 MP: 7/7
  3394 | D:4      | Identified the ring "Giad Nuu" {Wiz rF+ Str+3}
  3425 | D:4      | Reached skill level 8 in Stealth
  3858 | D:5      | Entered Level 5 of the Dungeon
  3886 | D:5      | Reached skill level 2 in Invocations
  4011 | D:5      | HP: 2/45 [orc/+3 heavy flail (21)]
  4363 | D:5      | Reached ** piety under Dithmenos
  4364 | D:5      | Reached skill level 5 in Short Blades
  4364 | D:5      | Reached skill level 5 in Throwing
  4693 | D:5      | Found a snail-covered altar of Cheibriados.
  4966 | D:4      | Reached XP level 8. HP: 24/50 MP: 10/10
  5066 | D:4      | Reached skill level 3 in Invocations
  5220 | D:6      | Reached skill level 1 in Evocations
  5233 | D:6      | Reached skill level 9 in Stealth
  5241 | D:6      | Reached skill level 2 in Evocations
  5500 | D:6      | Reached skill level 4 in Invocations
  5604 | D:6      | Found a staircase to the Ecumenical Temple.
  5732 | D:6      | Noticed a manticore
  5734 | D:6      | Reached skill level 6 in Short Blades
  5734 | D:6      | Reached skill level 3 in Evocations
  5734 | D:6      | Reached XP level 9. HP: 54/54 MP: 12/12
  5735 | D:6      | Killed a manticore
  5736 | D:6      | Reached skill level 6 in Throwing
  5736 | D:6      | Reached skill level 10 in Stealth
  5991 | D:6      | Reached skill level 5 in Invocations
  6033 | D:6      | Found an ancient bone altar of Kikubaaqudgha.
  6221 | D:6      | Reached skill level 4 in Evocations
  6506 | D:6      | Reached *** piety under Dithmenos
  6565 | D:6      | Reached skill level 7 in Throwing
  6595 | D:6      | Found a sacrificial altar of Ru.
  6767 | D:6      | Learned a level 3 spell: Mephitic Cloud
  6804 | D:7      | Noticed a queen bee
  6807 | D:7      | Found a transporter.
  6810 | D:7      | Found a transporter.
  6920 | D:7      | Found Salenem's Gadget Gallery.
  7086 | D:7      | Reached skill level 1 in Poison Magic
  7248 | D:7      | Noticed Joseph
  7254 | D:7      | Killed Joseph
  7255 | D:7      | Reached skill level 7 in Short Blades
  7255 | D:7      | Reached skill level 11 in Stealth
  7255 | D:7      | Reached skill level 2 in Poison Magic
  7255 | D:7      | Reached skill level 6 in Invocations
  7255 | D:7      | Reached skill level 5 in Evocations
  7255 | D:7      | Reached XP level 10. HP: 43/60 MP: 14/14
  7419 | D:7      | Noticed Barsley's ghost (novice MeRe)
  7613 | D:7      | Reached skill level 8 in Throwing
  7654 | D:8      | HP: 2/59 [centaur (4)]
  7654 | D:8      | Slain by a centaur

Illustrated notes

Levels and vault maps discovered:
D:1:      minmay_arrival_arboretum_small, layout_rooms
D:2:      layout_basic, shapermc_ecumenical_altar_hornbeckon
D:3:      layout_basic, grunt_temple_overflow_open, ebering_ghost_disaster_area,
          portal_sewer_entry_b, st_stairs_2
D:4:      gammafunk_wand_slinger, layout_basic,
          mainiacjoe_overflow_surrounded_room
D:5:      layout_basic, mainiacjoe_overflow_boulevard
D:6:      minmay_razor_zed, layout_loops_ring,
          mainiacjoe_overflow_six_doors_small, kennysheep_vampire_church,
          minmay_manual_mail
D:7:      layout_loops_corners, gammafunk_ghost_hive, nicolae_shop_gadgets,
          uniq_joseph
D:8:      layout_cave_pools, uniq_maggie

Skill      XL: |  1  2  3  4  5  6  7  8  9 10 |
---------------+-------------------------------+-----
Stealth        | 6 7 8 9 11 | 11.2
Short Blades   | 3 4 5 6 7 |  7.2
Throwing       | 3 4 5 7 8 |  8.0
Invocations    | 1 2 4 6 |  6.1
Evocations     | 3 5 |  5.2
Poison Magic   | 2 |  2.4
Fighting       | |  2.0
Dodging        | |  1.0

Action                     |  1- 3 |  4- 6 |  7- 9 | 10-12 || total
---------------------------+-------+-------+-------+-------++-------
  Melee: Dagger            |    54 |   155 |   242 |    43 ||   494
         Constrict         |    13 |    42 |    46 |     4 ||   105
         Tentacles         |    10 |    29 |    65 |     9 ||   113
         Punch             |     1 |       |     3 |       ||     4
  Throw: Dart              |       |     4 |    19 |    11 ||    34
  Evoke: Wand              |       |       |    16 |       ||    16
    Use: Potion            |       |     2 |     2 |     1 ||     5
         Scroll            |       |       |     6 |       ||     6
   Stab: Sleeping          |     9 |     9 |    30 |       ||    48
         Distracted        |       |     2 |       |     1 ||     3
 Armour: Skin              |     2 |    12 |     7 |       ||    21
  Dodge: Dodged            |    24 |   179 |   149 |    66 ||   418

Table legend: (Time is in decaauts)
 A = Elapsed time spent in this place.
 B = Non-inter-level travel time spent in this place.
 C = Inter-level travel time spent in this place.
 D = Time resting spent in this place.
 E = Time spent auto-exploring this place.
 F = Levels seen in this place.
 G = Mean time per level.
                   A        B        C        D        E       F      G
               +--------+--------+--------+--------+--------+-----+--------+
         Total |   7520 |   7229 |    291 |   1620 |   3898 |   9 |  835.6 |
       Dungeon |   6798 |   6507 |    291 |   1226 |   3870 |   8 |  849.8 |
         Sewer |    721 |    721 |      0 |    394 |     28 |   1 |  721.0 |
               +--------+--------+--------+--------+--------+-----+--------+

Top non-repeatable levels by time:
     D:6: 1591 daAuts
     D:4: 1261 daAuts
     D:2: 1004 daAuts
     D:5: 976 daAuts
     D:7: 749 daAuts
   Sewer: 721 daAuts
     D:3: 639 daAuts
     D:1: 561 daAuts
     D:8: 15 daAuts
